 Seeded DCSS version 0.28.0-47-ge53b351184 (webtiles) character file.

Game seed: 16604929621183420662 (custom seed)

1237 Lambsauce the Covered (level 8, -2/70 HPs)
             Began as a Minotaur Fighter on Apr 28, 2022.
             Slain by a wraith (10 damage)
             ... on level 7 of the Dungeon.
             The game lasted 00:16:53 (6599 turns).

Lambsauce the Covered (Minotaur Fighter)            Turns: 6599, Time: 00:16:54

Health: -2/70      AC: 16    Str: 26      XL:     8   Next: 24%
Magic:  16/16      EV: 10    Int:  2 (3)  God:
Gold:   364        SH:  4    Dex: 10 (11) Spells: 7/7 levels left

rFire   + . .      SeeInvis .   a - +1 war axe (drain)
rCold   + . .      Faith    .   c - +0 buckler
rNeg    . . .      Spirit   .   b - +0 scale mail
rPois   +          Reflect  .   (helmet restricted)
rElec   .          Harm     .   r - +0 cloak {rPois}
rCorr   .          Rampage  .   n - +2 pair of gloves
Will    +....                   (no boots)
Stlth   ..........              (no amulet)
HPRegen 0.21/turn               l - ring "Hut Igea" {rPois rF+ Will+ MP+9 Str+4}
MPRegen 0.15/turn               v - +4 ring of protection

@: no status effects
A: horns 2, retaliatory headbutt, cold resistance 1, dopey 1
a: no special abilities


You were on level 7 of the Dungeon.
You visited 1 branch of the dungeon, and saw 7 of its levels.
You also visited: Sewer.

You collected 364 gold pieces.

Inventory:

Hand Weapons
 a - a +1 war axe of draining (weapon)
 p - a +2 whip of venom
Missiles
 f - a throwing net
Armour
 b - a +0 scale mail (worn)
 c - a +0 buckler (worn)
 k - a +0 pair of gloves
 n - a +2 pair of gloves (worn)
 r - a +0 cloak of poison resistance (worn)
 y - a scarf of harm
Jewellery
 g - a ring of flight
 l - the ring "Hut Igea" (left hand) {rPois rF+ Will+ MP+9 Str+4}
   (You acquired it on level 4 of the Dungeon)

   [ring of poison resistance]

   Str:       It affects your strength (+4).
   rF:        It protects you from fire.
   rPois:     It protects you from poison.
   MP:        It affects your magic capacity (+9).
   Will:      It increases your willpower.
 o - a +4 ring of protection
 q - a ring of magical power
 v - a +4 ring of protection (right hand)
 w - an amulet of faith
Wands
 d - a wand of flame (19) (quivered)
Scrolls
 h - 4 scrolls of blinking
 j - 4 scrolls of teleportation
 x - a scroll of fog
 A - a scroll of vulnerability
Potions
 e - 4 potions of attraction
 i - a potion of curing
 m - 2 potions of brilliance
 s - 3 potions of flight


   Skills:
 + Level 5.7 Fighting
 + Level 6.3(7.2) Axes
 + Level 5.1(6.6) Maces & Flails
 + Level 7.1 Armour
 + Level 2.2 Dodging
 + Level 0.4 Stealth
 + Level 4.7 Shields


You had 7 spell levels left.
You didn't know any spells.
Your spell library contained the following spells:

 Spells                   Type           Power      Damage    Failure   Level
 Freeze                   Ice            0%         1d3       87%         1
 Corpse Rot               Necr/Air       0%         N/A       95%         2
 Poisonous Vapours        Pois/Air       0%         N/A       95%         2
 Static Discharge         Conj/Air       0%         N/A       95%         2
 Conjure Flame            Conj/Fire      0%         6-21      99%         3
 Frozen Ramparts          Ice            0%         1d2       99%         3
 Ignite Poison            Fire/Tmut/Pois 0%         N/A       99%         3
 Dispel Undead            Necr           0%         3d6       100%        4
 Hailstorm                Conj/Ice       0%         3d3       100%        4
 Sticky Flame             Conj/Fire      0%         2d3       100%        4


Dungeon Overview and Level Annotations

Branches:
Dungeon (7/15)             Temple (0/1) D:7           Sewer (visited)

Altars:
Elyvilon
Gozag
Kikubaaqudgha
Makhleb
Nemelex Xobeh
The Shining One


Innate Abilities, Weirdness & Mutations

You have a pair of horns on your head.
You reflexively headbutt those who attack you in melee.
Your flesh is cold resistant. (rC+)
You are dopey. (Int -2)


Message History

You struggle against the net.
The howler monkey zombie hits you but does no damage.
The gnoll hits you but does no damage. x2
The gnoll shaman hits you but does no damage.
You shred the net and break free!
The howler monkey zombie hits you but does no damage.
The gnoll barely misses you. x2; The gnoll shaman barely misses you.
You furiously retaliate!
You headbutt the gnoll shaman!
The orc priest invokes the aid of Beogh against you.
Beogh smites you! The wraith hits you but does no damage.
The gnoll shaman calls upon its god to speed up the gnoll.
The gnoll seems to speed up.
There is an open door here.
As you read the scroll of brand weapon, it crumbles to dust.
Your +1 vorpal war axe craves living souls!
a - a +1 war axe of draining (weapon)
The gnoll barely misses you. The wraith hits you but does no damage.
You block the gnoll's attack.
The gnoll shaman calls upon its god to speed up the gnoll.
The gnoll seems to speed up.
You slash the wraith!
The wraith is moderately damaged.
The wraith hits you but does no damage.
The orc priest calls down the wrath of Beogh upon you.
Beogh smites you!
You hit the wraith. You headbutt the wraith!
The wraith is severely damaged.
The gnoll hits you from afar with a +0 spear.
The wraith hits you!
* * * LOW HITPOINT WARNING * * *
The gnoll hits you from afar with a +0 spear.
* * * LOW HITPOINT WARNING * * *
You hit the wraith but do no damage.
The wraith is severely damaged.
The wraith closely misses you. The gnoll hits you but does no damage.
You hit the wraith but do no damage. Your headbutt misses the wraith.
The wraith is severely damaged.
The gnoll closely misses you. The wraith hits you!
You die...

#####........#.#
.............#.# .......
.............#.# ....(..
.......###...#.# .......
.......# ##..#.# .......
.......####..#.# o....
....)........#.# #####...
.............#.####...#o#.#(#.
............ #..@WggZo))......
............ ######o..#...⌠...
#####.#..... +.........._
.#..... #...#...⌠... .. ....
............. .......
#######.#.#.#. ... .......
###....


You could see a wraith, a gnoll shaman, 2 orc priests, an orc wizard, a gnoll
(fast) and a howler monkey zombie.

Vanquished Creatures
  Menkaure (D:4)
  A water moccasin (D:7)
  A black bear (D:6)
  2 ogres (D:4)
  A centaur zombie (D:5)
  3 hounds
  2 centaur skeletons
  2 orc priests (D:6)
  Crazy Yiuf (D:4)
  2 iguanas (D:6)
  Ijyb (D:4)
  Natasha (thrice) (D:2)
  3 orc wizards
  A killer bee zombie (D:6)
  A hound skeleton (D:4)
  3 gnolls
  5 adders
  3 river rats
  4 ufetubi
  An adder skeleton (D:5)
  30 orcs
  8 ball pythons
  5 endoplasms
  5 giant cockroaches
  5 goblins
  3 hobgoblins (D:4)
  3 kobolds
  3 bats
  11 frilled lizards
  17 rats
  3 bushes (D:2)
134 creatures vanquished.

Vanquished Creatures (others)
  A plant (D:2)
1 creature vanquished.

Grand Total: 135 creatures vanquished

Notes
Turn   | Place    | Note
-------+----------+-------------------------------------------
     0 | D:1      | Lambsauce the Minotaur Fighter began the quest for the Orb.
     0 | D:1      | Reached XP level 1. HP: 19/19 MP: 0/0
    84 | D:1      | Found a faded altar of an unknown god.
   361 | D:1      | Reached skill level 4 in Armour
   361 | D:1      | Reached XP level 2. HP: 27/27 MP: 1/1
  1293 | D:2      | Noticed Natasha
  1297 | D:2      | Noticed a crimson imp
  1302 | D:2      | Killed Natasha
  1303 | D:2      | Reached XP level 3. HP: 15/33 MP: 2/2
  1691 | D:2      | Noticed Natasha
  1699 | D:2      | Killed Natasha
  1700 | D:2      | Reached XP level 4. HP: 38/40 MP: 3/3
  1851 | D:2      | Noticed Natasha
  1856 | D:2      | Killed Natasha
  2564 | D:3      | Found an ancient bone altar of Kikubaaqudgha.
  2604 | D:3      | Found a glowing drain.
  2607 | D:3      | Found an opulent altar of Gozag.
  2831 | D:3      | Reached skill level 1 in Dodging
  2839 | D:3      | Reached XP level 5. HP: 42/46 MP: 4/4
  2846 | D:3      | Reached skill level 5 in Armour
  2919 | D:3      | Found a burning altar of Makhleb.
  2919 | D:3      | Found a sparkling altar of Nemelex Xobeh.
  3178 | Sewer    | Entered a sewer
  3214 | Sewer    | Reached skill level 1 in Maces & Flails
  3666 | D:4      | Identified a scroll of acquirement
  3670 | D:4      | Acquired the ring "Hut Igea" {rPois rF+ Will+ MP+9 Str+4}
  3833 | D:4      | Reached XP level 6. HP: 53/53 MP: 5/5
  3953 | D:4      | Noticed Menkaure
  3968 | D:4      | Noticed Ijyb
  3974 | D:4      | Killed Menkaure
  3975 | D:4      | Reached XP level 7. HP: 27/60 MP: 6/6
  3978 | D:4      | Killed Ijyb
  4229 | D:4      | Reached skill level 5 in Fighting
  4426 | D:4      | Found a runed translucent door.
  4427 | D:4      | Noticed Crazy Yiuf
  4690 | D:4      | Killed Crazy Yiuf
  4691 | D:4      | Reached skill level 5 in Maces & Flails
  4755 | D:4      | Gained mutation: You are dopey. (Int -2) [potion of
                  | mutation]
  4755 | D:4      | Gained mutation: Your flesh is cold resistant. (rC+)
                  | [potion of mutation]
  4796 | D:5      | Entered Level 5 of the Dungeon
  4921 | D:5      | Found a glowing golden altar of the Shining One.
  4999 | D:5      | Reached skill level 6 in Armour
  5527 | D:6      | Reached skill level 5 in Axes
  5534 | D:6      | Reached XP level 8. HP: 60/69 MP: 7/7
  6449 | D:7      | Reached skill level 7 in Armour
  6499 | D:7      | Found a staircase to the Ecumenical Temple.
  6580 | D:7      | Found a white marble altar of Elyvilon.
  6599 | D:7      | Slain by a wraith

Illustrated notes

Levels and vault maps discovered:
D:1:      saegor_arrival_simple_e, layout_loops_cross,
          dreamdust_ecumenical_altar_hidden_monk_grotto,
          amcnicky_mini_rare_corridor_liquid, st_stairs_13,
          minmay_split_cup_small
D:2:      layout_loops_ring, serial_forest, infiniplex_forest_clump_cross,
          infiniplex_forest_lined_1, infiniplex_forest_straight_3,
          infiniplex_forest_clump_C, infiniplex_forest_clump_curved,
          infiniplex_forest_clump_large, infiniplex_forest_end_2,
          chequers_decorated_corner, uniq_natasha
D:3:      layout_rooms, nicolae_overflow_hidden_temple,
          gammafunk_temple_overflow_elements, overflow_temple_1_default,
          cheibrodos_sewer_entry_sluice
D:4:      layout_cave_pools, uniq_crazy_yiuf_cottage, uniq_menkaure, uniq_ijyb
D:5:      layout_basic, amcnicky_altar_gilded
D:6:      minmay_general_purpose_star, layout_loops_ring,
          kennysheep_generic_room_8
D:7:      layout_basic, elyvilon_altar_5, minmay_temple_entry_drinking_statues,
          serial_park_tiny_1, lemuel_flamethrower_1

Skill      XL: |  1  2  3  4  5  6  7  8 |
---------------+-------------------------+-----
Armour         | 4 5 6 7 |  7.1
Shields        | 4 |  4.7
Fighting       | 4 5 |  5.7
Axes           | 3 4 5 6 |  6.3
Dodging        | 1 2 |  2.2
Maces & Flails | 2 4 5 |  5.1
Stealth        | |  0.4

Action                   |  1- 3 |  4- 6 |  7- 9 || total
-------------------------+-------+-------+-------++-------
Melee: War axe           |    51 |   113 |    95 ||   259
       Headbutt          |     2 |    49 |    17 ||    68
       Whip              |       |   119 |       ||   119
  Use: Scroll            |     4 |     7 |     6 ||    17
       Potion            |     1 |     4 |     5 ||    10
Armor: Scale mail        |    26 |    73 |    81 ||   180
Dodge: Dodged            |    23 |    48 |    72 ||   143
Block: Buckler           |    12 |    25 |    21 ||    58
